 Dungeon Crawl Stone Soup version 0.23-a0-586-gacb4b3f (webtiles) character file.

116 inc the Conjurer (level 4, 18/18 HPs)
             Began as a Felid Fire Elementalist on Dec 19, 2018.
             Quit the game on level 3 of the Dungeon.
             The game lasted 00:05:58 (4335 turns).

inc the Conjurer (Felid Fire Elementalist)          Turns: 4335, Time: 00:05:59

Health: 18/18      AC:  1    Str:  4    XL:     4   Next: 69%
Magic:  8/8        EV: 18    Int: 17    God:
Gold:   139        SH:  0    Dex: 17    Spells: 0/7 levels left
                                        Lives:  0   Deaths: 1

rFire    . . .     SeeInvis +   (weapon unavailable)
rCold    . . .     Gourm    .   (shield unavailable)
rNeg     . . .     Faith    .   (armour unavailable)
rPois    .         Spirit   .   (helmet unavailable)
rElec    .         Reflect  .   (cloak unavailable)
rCorr    .         Harm     .   (gloves unavailable)
MR       .....                  (boots unavailable)
Stlth    +++.......             (no amulet)
HPRegen  0.06/turn              (no ring)
MPRegen  0.11/turn              (no ring)

@: quick
A: very small, no armour, no weapons or thrown items, stealth, claws 1, fangs 3,
see invisible, carnivore, speed 1, shaggy fur 1, slow metabolism 1, sharp paws
a: no special abilities


You were on level 3 of the Dungeon.
You were not hungry.

You visited 1 branch of the dungeon, and saw 3 of its levels.
You also visited: Sewer.

You collected 139 gold pieces.

Inventory:

Scrolls
 c - a scroll of teleportation {unknown}
 e - a scroll of fear {unknown}
 h - a scroll of enchant weapon {unknown}
 j - a scroll of magic mapping {unknown}
 m - a scroll of immolation {unknown}
 p - a scroll of fog {unknown}
Potions
 a - a potion of flight {unknown}
 d - 2 potions of lignification {unknown}
 f - 3 potions of cancellation
 g - a potion of might {unknown}
 i - 2 potions of brilliance {unknown}
 k - 3 potions of curing
 l - 2 potions of haste {unknown}
 n - a potion of mutation {unknown}
 o - 2 potions of invisibility {unknown}
Comestibles
 b - 7 rations


   Skills:
 - Level 2.6 Dodging
 - Level 2.6 Stealth
 - Level 2.0 Spellcasting
 + Level 4.1 Conjurations
 + Level 4.1 Fire Magic


You couldn't memorise any spells.
You knew the following spells:

 Your Spells              Type           Power        Failure   Level  Hunger
a - Flame Tongue          Conj/Fire      ###..        3%          1    #......
b - Conjure Flame         Conj/Fire      ###.....     11%         3    ###....
c - Sticky Flame          Conj/Fire      ###.....     34%         4    #####..

Your spell library contained the following spells:

 Spells                   Type           Power        Failure   Level  Hunger
 Throw Flame              Conj/Fire      ###...       5%          2    ###....
 Inner Flame              Hex/Fire       #.......     26%         3    ###....
 Fireball                 Conj/Fire      ###.......   67%         5    ######.


Dungeon Overview and Level Annotations

Branches:
Dungeon (3/15)

Altars:
Dithmenos
Qazlal
Vehumet
The Shining One

Annotations:
D:3 Natasha


Innate Abilities, Weirdness & Mutations

You cannot wear armour.
You are incapable of wielding weapons or throwing items.
Your paws allow you to move quietly. (Stealth)
You have sharp claws.
You have razor-sharp teeth.
You have supernaturally acute eyesight. (SInv)
You are carnivorous and can eat meat at any time.
You cover ground quickly.
You are covered in fur. (AC +1)
You have a slow metabolism.
Your sharp claws are effective at attacking unaware monsters.


Message History

Confirm with . or Enter, or press ? or * to list all spells.
Aiming: Flame Tongue (safe; 3% risk of failure)
Press: ? - help, Shift-Dir - straight line, f/p - Natasha
Aim: Natasha The flame tongue misses Natasha.
Natasha casts a spell at you. The magic dart hits you!
* * * LOW HITPOINT WARNING * * *
Casting: Flame Tongue (safe; 3% risk of failure)
Confirm with . or Enter, or press ? or * to list all spells.
Aiming: Sticky Flame (quite dangerous; 34% risk of failure)
Press: ? - help, Shift-Dir - straight line, f/p - Natasha
Aim: Natasha You miscast Sticky Flame.
You smell smoke.
Natasha stares at you and mumbles some strange words.
The magic dart hits you!
You die...
You are now level 4!
You rejoin the land of the living...
Are you sure you want to abandon this character and quit the game? (Confirm

.............†h.....##..('##.##'.
#########.#.##......#<.8..##.##..
.########.#.###.....##...##...##.
.#........#.# #.....#######.8.###
.#.########.# ##......#...#)..#
.#.# #.# #....#.#.####<##
.#.########.# #.)....#.# ####
.#..........# #....#.#.# #.#
w############ #@.......###.# w#
##.........#.##### .#
#...#.#.......... w#
#...#.#.#.#.####. .#
#.#.#.#.#.#.# #. ##
###.#.......#.# #. ########
#...#...#.#.#.####. .......#
#.###...#.#......'. ......)#
#.###...#.#.#.####.


There were no monsters in sight!

Vanquished Creatures
  Natasha (twice) (D:3)
  2 river rats
  5 adders
  7 worms
  A dart slug (D:1)
  6 leopard geckos
  2 orcs (D:3)
  A ball python (Sewer)
  11 bats
  5 giant cockroaches
  7 goblins
  9 hobgoblins
  4 jackals (D:3)
  2 quokkas
  5 frilled lizards
  10 kobolds
  9 rats
88 creatures vanquished.

Notes
Turn   | Place    | Note
-------+----------+-------------------------------------------
     0 | D:1      | inc the Felid Fire Elementalist began the quest for the
                  | Orb.
     0 | D:1      | Reached XP level 1. HP: 7/7 MP: 4/4
     5 | D:1      | Reached skill level 1 in Conjurations
   422 | D:2      | Reached XP level 2. HP: 11/11 MP: 4/6
   575 | D:2      | Found a stormy altar of Qazlal.
   795 | D:1      | Reached XP level 3. HP: 14/14 MP: 5/7
  1715 | D:2      | Found a shadowy altar of Dithmenos.
  1796 | D:2      | Reached XP level 4. HP: 18/18 MP: 4/8
  2743 | D:3      | Learned a level 3 spell: Conjure Flame
  2947 | D:3      | Found a glowing drain.
  2951 | Sewer    | Entered a sewer
  3011 | D:3      | Reached XP level 5. HP: 12/21 MP: 0/9
  3281 | D:3      | Learned a level 4 spell: Sticky Flame
  3410 | D:3      | Found a radiant altar of Vehumet.
  3581 | D:3      | Noticed Natasha
  3587 | D:3      | Killed Natasha
  3724 | D:3      | Found a glowing golden altar of the Shining One.
  4176 | D:3      | Noticed Natasha
  4183 | D:3      | Killed Natasha
  4325 | D:3      | Noticed Natasha
  4334 | D:3      | Killed from afar by Natasha
  4335 | D:3      | Reached XP level 4. HP: 0/18 MP: 2/8
  4335 | D:3      | Quit the game

Vault maps used:
D:1:      psy_arrival_whirlpool, minmay_misc_feat_roman
D:2:      nicolae_qazlal_eye_of_the_storm,
          nicolae_dithmenos_through_a_glass_darkly
D:3:      marbit_many_paths, nicolae_tso_swordbearing_angel, first_ration,
          gup_sewer_entry_bowl, grunt_ministairs_4, uniq_natasha
Sewer:    sewer_minmay_treatment

Skill      XL: |  1  2  3  4  5 |
---------------+----------------+-----
Conjurations   | 1 2 3 4 |  4.1
Fire Magic     | 3 4 |  4.1
Dodging        | |  2.6
Stealth        | |  2.6
Spellcasting   | |  2.0

Action                   |  1- 3 |  4- 6 || total
-------------------------+-------+-------++-------
Melee: Unarmed           |     6 |     5 ||    11
 Cast: Flame Tongue      |    74 |   109 ||   183
  Use: Scroll            |       |     2 ||     2
  Eat: Chunk             |     5 |     9 ||    14
Armor: Skin              |     1 |       ||     1
Dodge: Dodged            |    38 |    38 ||    76

Table legend:
 A = Non-vault XP
 B = Vault XP
 C = Vault XP percentage of total XP
 D = Non-vault monster count
 E = Vault monster count
 F = Vault count percentage of total count
                 A         B        C        D         E       F
            +---------+---------+-------+---------+---------+-------
      Total |     234 |      92 |  28.2 |      76 |      12 |  13.6
            +---------+---------+-------+---------+---------+-------
        D:1 |      35 |       0 |   0.0 |      22 |       0 |   0.0
        D:2 |      83 |       0 |   0.0 |      29 |       0 |   0.0
        D:3 |     116 |      62 |  34.8 |      25 |       8 |  24.2
      Sewer |       0 |      30 | 100.0 |       0 |       4 | 100.0
            +---------+---------+-------+---------+---------+-------
